 Dungeon Crawl Stone Soup version 0.28-a0-983-g1de4e07 (webtiles) character file.

Game seed: 16807659239352644036

93 Ayyar the Sneak (level 4, 0/30 HPs)
             Began as an Octopode Brigand on Dec 2, 2021.
             Slain by a hobgoblin (2 damage)
             ... on level 2 of the Dungeon.
             The game lasted 00:07:03 (1682 turns).

Ayyar the Sneak (Octopode Brigand)                  Turns: 1682, Time: 00:07:03

Health: 0/30       AC:  1    Str: 10    XL:     4   Next: 62%
Magic:  4/4        EV: 13    Int: 13    God:
Gold:   73         SH:  0    Dex: 15    Spells: 3/3 levels left

rFire   . . .      SeeInvis .   b - +1 dagger (speed)
rCold   . . .      Faith    .   (no shield)
rNeg    . . .      Spirit   .   (helmet restricted)
rPois   .          Reflect  .   (no amulet)
rElec   .          Harm     .   (no ring)
rCorr   .          Rampage  .   (no ring)
Will    .....                   (no ring)
Stlth   ++++......              (no ring)
HPRegen 0.10/turn               (no ring)
MPRegen 0.09/turn               (no ring)
                                (no ring)
                                (no ring)

@: no status effects
A: almost no armour, amphibious, 8 rings, camouflage 1, gelatinous body 1,
(nimble swimmer 1), tentacles
a: no special abilities


You were on level 2 of the Dungeon.
You visited 1 branch of the dungeon, and saw 3 of its levels.

You collected 73 gold pieces.

Inventory:

Hand Weapons
 a - a +2 dagger
 b - a +1 dagger of speed (weapon)
Missiles
 c - a curare-tipped dart (quivered)
 k - 3 poisoned darts
Scrolls
 d - 3 scrolls of noise {unknown}
 h - a scroll of immolation {unknown}
 i - 2 scrolls of identify {unknown}
 l - a scroll of amnesia {unknown}
Potions
 e - 2 potions of curing {unknown}
 f - a potion of heal wounds {unknown}
 g - a potion of mutation {unknown}
 j - 2 potions of flight {unknown}
 m - a potion of brilliance {unknown}
 n - a potion of lignification {unknown}


   Skills:
 + Level 2.5 Fighting
 + Level 2.5 Short Blades
 + Level 2.6 Throwing
 + Level 1.8 Dodging
 * Level 6.4 Stealth


You had 3 spell levels left.
You didn't know any spells.
Your spell library contained the following spells:

 Spells                   Type           Power      Damage    Failure   Level
 Static Discharge         Conj/Air       0%         N/A       43%         2
 Dispel Undead            Necr           0%         3d6       97%         4
 Sticky Flame             Conj/Fire      0%         2d3       97%         4


Dungeon Overview and Level Annotations

Branches:
Dungeon (3/15)

Altars:


Innate Abilities, Weirdness & Mutations

You cannot wear most types of armour.
You are amphibious.
You can wear up to eight rings at the same time.
Your skin changes colour to match your surroundings (Stealth+).
Your rubbery body absorbs attacks. (AC +1, EV +1)
((You are camouflaged near water. (Stealth+)))
You have tentacles for arms and can constrict up to eight enemies at once.


Message History

The orc is severely wounded.
You constrict the orc. You hit the orc but do no damage.
The orc is almost dead.
You constrict the orc.
You kill the orc!
The quokka barely misses you. The hobgoblin barely misses you.
You hit the quokka. Your grab misses the quokka.
The quokka is moderately wounded.
You hit the hobgoblin. You grab the hobgoblin.
The hobgoblin is lightly wounded.
You constrict the hobgoblin, but do no damage.
The quokka bites you. The hobgoblin closely misses you.
You hit the hobgoblin.
The hobgoblin is moderately wounded.
You constrict the hobgoblin. The quokka bites you. The hobgoblin hits you.
You release your grip on the hobgoblin.
The hobgoblin barely misses you.
You see here a bat corpse.
The quokka misses you. The quokka closely misses you.
The hobgoblin barely misses you. The quokka bites you.
* * * LOW HITPOINT WARNING * * *
The hobgoblin barely misses you. The kobold hits you with a +0 dagger.
* * * LOW HITPOINT WARNING * * *
There is a stone staircase leading up here.
The quokka bites you.
* * * LOW HITPOINT WARNING * * *
The hobgoblin hits you.
* * * LOW HITPOINT WARNING * * *
The kobold hits you but does no damage. The quokka closely misses you.
You climb upwards.
There is a stone staircase leading down here.
Throw: 2 darts (curare)
Press: ? - help, Q - select action, (/) - cycle Shift-Dir - straight line, f - kobold
Aim: a kobold, wielding a +0 dagger and quivering stones (53% to hit)
You throw a curare-tipped dart.
The curare-tipped dart barely misses the kobold.
The hobgoblin hits you.
You die...

#...♣.....♣......#
#######......<.........#
..†...#..#.......#.....#
......#..##.....##.....#
......#...#######......########
......#..................÷....#
......######..................#
......# #............).....#
......# #....@r......[.....#
..(...######....gK...##########
.....................#
......#####.>........# ......#
#..........# ##....#
#......##### #.#### ########
#.# #.#


You could see a quokka, a hobgoblin and a kobold.

Vanquished Creatures
  5 adders (D:2)
  A dart slug (D:1)
  An orc (D:3)
  3 ball pythons
  2 bats
  3 endoplasms
  2 giant cockroaches
  4 goblins
  4 hobgoblins
  5 jackals (D:1)
  5 kobolds
  3 quokkas (D:2)
  A frilled lizard (D:1)
  3 rats
42 creatures vanquished.

Vanquished Creatures (others)
  A fungus (D:3)
1 creature vanquished.

Grand Total: 43 creatures vanquished

Notes
Turn   | Place    | Note
-------+----------+-------------------------------------------
     0 | D:1      | Ayyar the Octopode Brigand began the quest for the Orb.
     0 | D:1      | Reached XP level 1. HP: 14/14 MP: 1/1
   187 | D:1      | Reached XP level 2. HP: 19/19 MP: 2/2
   659 | D:2      | Reached XP level 3. HP: 24/24 MP: 3/3
   878 | D:2      | Reached skill level 6 in Stealth
  1006 | D:2      | Reached XP level 4. HP: 30/30 MP: 4/4
  1682 | D:2      | Slain by a hobgoblin

Illustrated notes

Levels and vault maps discovered:
D:1:      dpeg_arrival_tiny_d, layout_rooms, hangedman_decor_clover_reticule
D:2:      layout_basic, grunt_ministairs_10
D:3:      layout_rooms, shapermc_ecumenical_altar_mp_ritualfount,
          chequers_mini_garden, kennysheep_path_1, minmay_joined_circles

Skill      XL: |  1  2  3 |
---------------+----------+-----
Stealth        | 6 |  6.4
Fighting       | |  2.5
Short Blades   | |  2.5
Throwing       | |  2.6
Dodging        | |  1.8

Action                   |  1- 3 |  4- 6 || total
-------------------------+-------+-------++-------
Melee: Dagger            |    27 |    39 ||    66
       Constrict         |     7 |     8 ||    15
       Tentacles         |     6 |     5 ||    11
Throw: Dart              |    49 |     4 ||    53
 Stab: Sleeping          |     2 |     3 ||     5
Armor: Skin              |     1 |     4 ||     5
Dodge: Dodged            |    13 |    27 ||    40

Table legend: (Time is in decaauts)
 A = Elapsed time spent in this place.
 B = Non-inter-level travel time spent in this place.
 C = Inter-level travel time spent in this place.
 D = Time resting spent in this place.
 E = Time spent auto-exploring this place.
 F = Levels seen in this place.
 G = Mean time per level.
                   A        B        C        D        E       F      G
               +--------+--------+--------+--------+--------+-----+--------+
         Total |   1659 |   1613 |     46 |      0 |   1356 |   3 |  553.0 |
       Dungeon |   1659 |   1613 |     46 |      0 |   1356 |   3 |  553.0 |
               +--------+--------+--------+--------+--------+-----+--------+

Top non-repeatable levels by time:
     D:2: 983 daAuts
     D:1: 650 daAuts
     D:3: 25 daAuts
